 Dungeon Crawl Stone Soup version 0.16.2-12-gd0ad4c3 (webtiles) character file.

56 faibistes the Magician (level 3, 0/19 HPs)
             Began as a Deep Elf Wizard on Oct 12, 2018.
             Succumbed to an adder's poison
             ... on level 2 of the Dungeon.
             The game lasted 00:05:54 (1622 turns).

faibistes the Magician (Deep Elf Wizard)            Turns: 1622, Time: 00:05:55

Health: 0/19       AC:  3    Str:  4    XL:     3   Next: 69%
Magic:  10/14      EV: 13    Int: 23    God:
Gold:   71         SH:  0    Dex: 13    Spells: 5 memorised, 1 level left

rFire  . . .     SeeInvis .     m - +1 dagger (speed)
rCold  . . .     Clarity  .     a - +0 robe
rNeg   . . .     SustAb   .     (no shield)
rPois  .         Gourm    .     b - +0 hat
rElec  .         Spirit   .     s - +0 cloak
rCorr  .         Warding  .     (no gloves)
rMut   .         Stasis   .     (no boots)
MR     .....                    (no amulet)
Stlth  ++........               (no ring)
                                (no ring)

@: lethally poisoned (0 -> -12), very slightly contaminated, not resistant to
hostile enchantments, unstealthy
A: no striking features
a: no special abilities


You were on level 2 of the Dungeon.
You were not hungry.

You visited 1 branch of the dungeon, and saw 3 of its levels.

You collected 71 gold pieces.

Inventory:

Hand weapons
 g - a +0 short sword
 m - a +1 dagger of speed (weapon)
Armour
 a - a +0 robe (worn)
 b - a +0 hat (worn)
 q - a +0 cloak
 s - a +0 cloak (worn)
Jewellery
 l - an uncursed ring of flight {unknown}
Magical devices
 k - a wand of confusion (23)
Scrolls
 j - a scroll of identify {unknown}
 n - a scroll of immolation {unknown}
 o - a scroll of enchant weapon {unknown}
 r - a scroll of recharging {unknown}
Potions
 e - a potion of agility {unknown}
 f - 2 potions of curing {unknown}
 h - a potion of brilliance {unknown}
 i - a potion of ambrosia {unknown}
 p - a potion of restore abilities {unknown}
 v - a potion of haste {unknown}
Books
 c - a book of Minor Magic

   Spells                             Type                      Level
   a - Magic Dart                     Conjuration                  1
   b - Blink                          Translocation                2
   c - Call Imp                       Summoning                    2
   d - Repel Missiles                 Charms/Air                   2
   e - Slow                           Hexes                        2
   f - Conjure Flame                  Conjuration/Fire             3
   g - Mephitic Cloud                 Conjuration/Poison/Air       3
Comestibles
 d - 2 bread rations
 t - a royal jelly


   Skills:
 + Level 2.9 Dodging
 - Level 2.4 Stealth
 * Level 5.4 Spellcasting
 * Level 2.6 Conjurations
 - Level 1.1 Summonings
 - Level 1.1 Translocations


You had one spell level left.
You knew the following spells:

 Your Spells              Type           Power        Failure   Level  Hunger
a - Magic Dart            Conj           ###.         2%          1    None
b - Conjure Flame         Conj/Fire      ##......     17%         3    ##.....
c - Call Imp              Summ           ##......     12%         2    None
d - Blink                 Tloc           N/A          12%         2    None
e - Mephitic Cloud        Conj/Pois/Air  ##......     21%         3    ##.....


Dungeon Overview and Level Annotations

Branches:
Dungeon (3/15)

Altars:

Annotations:
D:3 Natasha


Message History

Ouch! That really hurt!
* * * LOW HITPOINT WARNING * * *
The adder barely misses you.
You climb upwards.
There is a stone staircase leading down here.
Unknown command.
Casting: Mephitic Cloud
Confirm with . or Enter, or press ? or * to list all spells.
You miscast Blink.
You are very lightly contaminated with residual magic.
You catch a glimpse of the back of your own head.
The adder bites you.
* * * LOW HITPOINT WARNING * * *
You are more poisoned.
The adder poisons you! The hobgoblin hits you with a club.
* * * LOW HITPOINT WARNING * * *
Casting: Blink
Confirm with . or Enter, or press ? or * to list all spells.
You blink.
You die...

#.......# #.......# ##+##
#.......# ##...##
#.......# ##.....##
#.......# ##.......##
####.......####.....§g..#
..............'....w.S..+
#######....####.........#
#.#.## ##@......## #.###
##.....## #.# ##...## #.
##+##


You could see a worm, an adder and a hobgoblin.

Vanquished Creatures
  2 adders (D:2)
  A worm (D:2)
  A giant gecko (D:1)
  An ooze (D:1)
  A ball python (D:1)
  A giant cockroach (D:1)
  5 hobgoblins
  3 bats (D:1)
  3 giant newts (D:1)
  3 goblins (D:1)
  5 kobolds (D:1)
  3 rats
29 creatures vanquished.

Notes
Turn   | Place    | Note
--------------------------------------------------------------
     0 | D:1      | faibistes, the Deep Elf Wizard, began the quest for the Orb.
     0 | D:1      | Reached XP level 1. HP: 10/10 MP: 6/6
   362 | D:1      | Reached XP level 2. HP: 13/15 MP: 1/9
   366 | D:1      | Learned a level 2 spell: Blink
   369 | D:1      | Learned a level 2 spell: Call Imp
   861 | D:1      | Reached skill level 5 in Spellcasting
  1090 | D:2      | Reached XP level 3. HP: 8/19 MP: 3/14
  1100 | D:2      | Learned a level 3 spell: Conjure Flame
  1104 | D:2      | Learned a level 3 spell: Mephitic Cloud
  1492 | D:3      | Noticed Natasha
  1622 | D:2      | Succumbed to an adder's poison

Action                   || total
-------------------------++-------
Melee: Unarmed           ||     3
       Dagger            ||    12
 Cast: Magic Dart        ||    65
       Mephitic Cloud    ||     2
       Blink             ||     1
 Stab: Sleeping          ||     1
  Eat: Chunk             ||     2
